 Dungeon Crawl Stone Soup version 0.17-a0-688-g21a41e9 (webtiles) character file.

2235 Kisielow the Frost Mage (level 9, -28/52 HPs)
             Began as a Deep Elf Ice Elementalist on Apr 19, 2015.
             Was a Follower of Kikubaaqudgha.
             Annihilated by Gastronok (35 damage)
             ... on level 8 of the Dungeon.
             The game lasted 00:51:25 (10825 turns).

Kisielow the Frost Mage (DEIE)                     Turns: 10825, Time: 00:51:26

Health: -28/52     AC:  6    Str:  9    XL:     9   Next: 14%
Magic:  2/20       EV: 14    Int: 28    God:    Kikubaaqudgha [*.....]
Gold:   429        SH:  0    Dex: 17    Spells: 7 memorised, 2 levels left

rFire  . . .     SeeInvis .     l - +10 hammer of the Evil Eye {vamp, +Blink rN++}
rCold  . . .     Clarity  .     a - +0 robe
rNeg   + + .     SustAb   +     (no shield)
rPois  +         Gourm    .     (no helmet)
rElec  .         Spirit   .     B - +0 cloak
rCorr  +         Warding  .     f - +1 pair of gloves
rMut   .         Stasis   .     (no boots)
MR     .....                    r - amulet of resist corrosion
Stlth  ++........               s - +4 ring of intelligence
                                n - ring of sustain abilities

@: slowed, very slow, not resistant to hostile enchantments, unstealthy
A: agile 1, poison resistance, shaggy fur 1, slow healing 1, strong 2, evolution
1, placid magic 1
a: Receive Corpses, Renounce Religion, Evoke Blink


You were on level 8 of the Dungeon.
You worshipped Kikubaaqudgha.
Kikubaaqudgha was aware of your devotion.
You were near starving.

You visited 2 branches of the dungeon, and saw 9 of its levels.
You also visited: Ossuary.

You collected 429 gold pieces.

Inventory:

Hand weapons
 l - the +10 hammer of the Evil Eye (weapon) {vamp, +Blink rN++}
   (You found it on level 6 of the Dungeon)

   It inflicts no extra harm, but heals its wielder somewhat when it strikes a
   living foe.
   It greatly protects you from negative energy.
   It lets you blink.
 w - the +3 spear of Summer {flame, rF+ MR+ Str-4 Int+2}
   (You found it on level 5 of the Dungeon)

   It has been specially enchanted to burn those struck by it, causing extra
   injury to most foes and up to half again as much damage against particularly
   susceptible opponents.
   It affects your strength (-4).
   It affects your intelligence (+2).
   It protects you from fire.
   It affects your resistance to hostile enchantments.
Armour
 a - a +0 robe (worn)
 f - a +1 pair of gloves (worn)
 B - a +0 cloak (worn)
 D - a +0 buckler
Jewellery
 e - an uncursed amulet of guardian spirit
 n - a ring of sustain abilities (left hand)
 r - an amulet of resist corrosion (around neck)
 s - a +4 ring of intelligence (right hand)
Magical devices
 i - a wand of confusion (24)
 y - a wand of draining (15)
 z - a wand of confusion (21)
Scrolls
 d - a scroll of fear
 g - 3 scrolls of identify
 j - 2 scrolls of remove curse
 u - 2 scrolls of fog
 x - 2 scrolls of enchant weapon
 A - a scroll of blinking
Potions
 k - 2 potions of cancellation
 t - 3 potions of poison
 v - a potion of lignification {unknown}
Books
 b - a book of Frost

   Spells                             Type                      Level
   a - Freeze                         Ice                          1
   b - Throw Frost                    Conjuration/Ice              2
   c - Ozocubu's Armour               Charms/Ice                   3
   d - Throw Icicle                   Conjuration/Ice              4
   e - Summon Ice Beast               Ice/Summoning                4
   f - Condensation Shield            Ice                          4
 E - Kikubaaqudgha's Catalogue of Stolen Souls
   (Kikubaaqudgha gifted it to you on level 7 of the Dungeon)

   Spells                             Type                      Level
   a - Animate Skeleton               Necromancy                   1
   b - Corpse Rot                     Necromancy                   2
   c - Sublimation of Blood           Necromancy                   2
   d - Vampiric Draining              Necromancy                   3
   e - Control Undead                 Necromancy                   4
Comestibles
 c - 9 bread rations
 h - 2 meat rations
 m - 2 royal jellies
 o - a slice of pizza
 p - 8 beef jerkies


   Skills:
 * Level 3.7 Fighting
 * Level 3.9 Dodging
 - Level 2.4 Stealth
 - Level 6.1 Spellcasting
 - Level 6.7 Conjurations
 - Level 5.0 Necromancy
 - Level 8.0 Ice Magic


You had 2 spell levels left.
You knew the following spells:

 Your Spells              Type           Power        Failure   Level  Hunger
a - Freeze                Ice            ####         1%          1    None
b - Throw Frost           Conj/Ice       ####..       1%          2    None
c - Throw Icicle          Conj/Ice       ####....     1%          4    ###....
d - Corpse Rot            Necr           N/A          1%          2    None
e - Sublimation of Blood  Necr           ###.......   1%          2    None
q - Ozocubu's Armour      Chrm/Ice       ###.....     1%          3    None
w - Condensation Shield   Ice            #####.....   1%          4    ###....


Dungeon Overview and Level Annotations

Branches:
Dungeon (8/15)             Temple (1/1) D:6
   Lair: D:8-11

Altars:
Ashenzari
Cheibriados
Dithmenos
Elyvilon
Gozag
Kikubaaqudgha
Makhleb
Nemelex Xobeh
Okawaru
Qazlal
Ru
Sif Muna
Trog
Vehumet
Xom
Yredelemnul
Zin
The Shining One

Shops:
D:4 *   D:7 *

Annotations:
D:8 Gastronok


Innate Abilities, Weirdness & Mutations

You are agile. (Dex +2)
Your system is resistant to poisons.
You are covered in fur (AC +1).
You heal slowly when monsters are visible.
Your muscles are very strong. (Str +4)
You evolve.
Your spells are a little easier to cast, but a little less powerful.


Message History

Gastronok is heavily wounded.
You sock Gastronok!
You feel better.
Gastronok is heavily wounded.
Gastronok bites you!
You hit Gastronok.
You feel better.
Gastronok is heavily wounded.
Gastronok looks more healthy.
Gastronok bites you!!
* * * LOW HITPOINT WARNING * * *
You hit Gastronok.
You feel better.
Gastronok is severely wounded.
Gastronok barely misses you.
You sock Gastronok!
Gastronok is severely wounded.
Gastronok casts a spell.
You hit Gastronok.
Gastronok is severely wounded.
The quokka closely misses you. Gastronok bites you!!
Ouch! That really hurt!
You die...
Kikubaaqudgha rasps: "You have failed me!
Welcome... death!"

...+........
#....#.........
#....#.......w.
+....#...........
#...#...........####
#...##'#####+#.....#
#.....÷..#(..#.....#
#...r.÷..#...#.....#
#..@w....#...#.....#
+...r^..)'...#.....#
#........#...+.....+
##+#######.###.....#
###.####'#...
#....#...#...
#....'...+...
#....#...#...
+....#...#...


You could see Gastronok, a river rat and a quokka.

Vanquished Creatures
  Prince Ribbit (D:6)
  A black bear (D:7)
  An ice beast (D:6)
  A phantom (D:7)
  2 orc warriors
  A centaur (D:7)
  2 sky beasts
  2 ogres
  A gnoll sergeant (D:6)
  6 scorpions
  4 orc wizards
  A crimson imp (D:8)
  2 hounds
  Crazy Yiuf (D:6)
  2 orc priests
  Natasha (thrice) (D:3)
  An iguana (D:5)
  4 worker ants
  An ogre zombie (D:7)
  9 gnolls
  8 adders
  A shadow imp (D:7)
  An ooze (D:2)
  An adder skeleton (D:5)
  An adder zombie (D:7)
  6 worms
  2 giant geckos
  24 orcs
  11 hobgoblins
  15 jackals
  4 quokkas
  2 ball pythons (D:3)
  16 bats
  4 giant cockroaches
  A giant gecko zombie (D:7)
  8 giant newts
  12 goblins
  A goblin zombie (Ossuary)
  A hobgoblin zombie (Ossuary)
  21 kobolds
  A kobold zombie (D:7)
  An orc skeleton (D:7)
  An orc zombie (Ossuary)
  A quokka zombie (D:6)
  17 rats
  15 ballistomycetes (D:7)
  A fungus (D:6)
223 creatures vanquished.

Vanquished Creatures (others)
  A giant spore (D:7)
1 creature vanquished.

Grand Total: 224 creatures vanquished

Notes
Turn   | Place    | Note
--------------------------------------------------------------
     0 | D:1      | Kisielow, the Deep Elf Ice Elementalist, began the quest for the Orb.
     0 | D:1      | Reached XP level 1. HP: 10/10 MP: 6/6
   432 | D:1      | Reached XP level 2. HP: 13/15 MP: 6/8
   437 | D:1      | Reached skill level 4 in Ice Magic
   537 | D:1      | Learned a level 2 spell: Throw Frost
   897 | D:1      | Reached XP level 3. HP: 19/19 MP: 3/9
  1349 | D:2      | Reached skill level 5 in Ice Magic
  1356 | D:2      | Learned a level 3 spell: Ozocubu's Armour
  2191 | D:2      | Reached XP level 4. HP: 18/24 MP: 8/11
  2395 | D:2      | Learned a level 4 spell: Throw Icicle
  2895 | D:3      | Noticed Natasha
  2900 | D:3      | Killed Natasha
  3112 | D:3      | Noticed Natasha
  3113 | D:3      | Killed Natasha
  3113 | D:3      | Reached XP level 5. HP: 28/28 MP: 7/14
  3400 | D:3      | Noticed Natasha
  3401 | D:3      | Killed Natasha
  3847 | D:4      | Reached skill level 5 in Spellcasting
  3857 | D:4      | Learned a level 4 spell: Condensation Shield
  4124 | D:4      | Found Nolietoi's General Store.
  4544 | D:4      | Reached XP level 6. HP: 32/32 MP: 2/15
  4818 | D:4      | Noticed an ogre
  4844 | D:4      | Killed an ogre
  5156 | D:4      | Reached skill level 5 in Conjurations
  5590 | D:5      | Entered Level 5 of the Dungeon
  5669 | D:5      | Reached skill level 6 in Ice Magic
  5669 | D:5      | Reached XP level 7. HP: 36/36 MP: 7/16
  5729 | D:5      | Found a sand-covered staircase.
  5744 | Ossuary  | Entered an ossuary
  5897 | Ossuary  | Noticed hornqvist's ghost (experienced FoFi)
  6091 | D:5      | Gained mutation: You heal slowly when monsters are visible. [mutagenic meat]
  6092 | D:5      | Gained mutation: You evolve. [mutagenic meat]
  6093 | D:5      | Gained mutation: Your spells are a little easier to cast, but a little less powerful. [mutagenic meat]
  6095 | D:5      | Gained mutation: You are covered in fur (AC +1). [potion of mutation]
  6095 | D:5      | Gained mutation: Your spells are easier to cast, but less powerful. [potion of mutation]
  6095 | D:5      | Gained mutation: Your muscles are strong. (Str +2) [potion of mutation]
  6435 | D:5      | Got an iridescent spear
  6446 | D:5      | Identified the cursed +3 spear of Summer {flame, rF+ MR+ Str-4 Int+2} (You found it on level 5 of the Dungeon)
  6891 | D:6      | Lost mutation: Your spells are easier to cast, but less powerful. [evolution]
  7075 | D:6      | Found a staircase to the Ecumenical Temple.
  7081 | Temple   | Entered the Ecumenical Temple
  7099 | Temple   | Became a worshipper of Kikubaaqudgha
  7400 | D:6      | Reached skill level 7 in Ice Magic
  7746 | D:6      | Noticed Prince Ribbit
  7750 | D:6      | Killed Prince Ribbit
  7750 | D:6      | Reached skill level 8 in Ice Magic
  7750 | D:6      | Reached XP level 8. HP: 41/41 MP: 1/17
  7899 | D:6      | Reached skill level 1 in Necromancy
  7908 | Temple   | Gained mutation: Your muscles are very strong. (Str +4) [mutagenic meat]
  7911 | Temple   | Gained mutation: Your system is resistant to poisons. [mutagenic meat]
  7912 | Temple   | Gained mutation: You are agile. (Dex +2) [mutagenic meat]
  8092 | D:6      | Noticed Crazy Yiuf
  8094 | D:6      | Killed Crazy Yiuf
  8100 | D:6      | Got a steaming hammer
  8114 | D:6      | Identified the +10 hammer of the Evil Eye {vamp, +Blink rN++} (You found it on level 6 of the Dungeon)
  8389 | D:6      | Reached skill level 1 in Fighting
  8784 | D:6      | Found a deep blue altar of Sif Muna.
  9070 | D:7      | Found Bobarew's Bounteous Boutique.
  9177 | D:7      | Acquired Kikubaaqudgha's first power
  9177 | D:7      | Received a gift from Kikubaaqudgha
  9178 | D:7      | Identified Kikubaaqudgha's Catalogue of Stolen Souls (Kikubaaqudgha gifted it to you on level 7 of the Dungeon)
  9284 | D:7      | Learned a level 2 spell: Corpse Rot
  9287 | D:7      | Learned a level 2 spell: Sublimation of Blood
  9302 | D:7      | Reached skill level 5 in Necromancy
  9852 | D:7      | Reached XP level 9. HP: 36/50 MP: 2/20
 10728 | D:8      | Noticed Gastronok
 10825 | D:8      | Annihilated by Gastronok

Action                   |  1- 3 |  4- 6 |  7- 9 || total
-------------------------+-------+-------+-------++-------
Melee: Unarmed           |     6 |       |       ||     6
       Whip              |       |     9 |       ||     9
       Dire flail        |       |     3 |       ||     3
       Short sword       |       |     2 |       ||     2
       Dagger            |       |     1 |    23 ||    24
       Spear             |       |       |    18 ||    18
       Hammer            |       |       |    96 ||    96
 Cast: Freeze            |    50 |    72 |    45 ||   167
       Throw Frost       |    18 |    70 |    63 ||   151
       Ozocubu's Armour  |     3 |    12 |    17 ||    32
       Condensation Shie |       |     5 |    15 ||    20
       Throw Icicle      |       |     3 |    60 ||    63
       Corpse Rot        |       |       |     3 ||     3
Invok: Receive Corpses   |       |       |     3 ||     3
 Abil: Evoke Blink       |       |       |     3 ||     3
  Use: Scroll            |       |    14 |     6 ||    20
       Potion            |       |       |     8 ||     8
  Eat: Chunk             |     4 |    13 |    30 ||    47
       Beef jerky        |       |       |     2 ||     2
       Meat ration       |       |       |     1 ||     1
